Remparts vs Sewer Rats
(R1)
Created - October 26, 2018 at 20:20
Goals
|
| Remparts |
2 |
1 |
3 |
6 |
| Sewer Rats |
2 |
0 |
6 |
8 |
|
Shots
|
| Remparts |
11 |
7 |
9 |
27 |
| Sewer Rats |
14 |
7 |
18 |
39 |
|
1st period
1. Sewer Rats , Mattias Ekholm 1 (Martin Frk 3, Jonathan Marchessault 4) at 6:33 (PP)
2. Sewer Rats , Jonathan Marchessault 3 (Jonathan Huberdeau 5) at 7:55
3. Remparts , Ryan Strome 4 (Brandon Mashinter 3, Brandon Gormley 7) at 9:29 (PP)
4. Remparts , Daniel Paille 2 (Ryan Strome 3) at 13:22 (PP)
Penalties :
Daniel Paille (Que) for Roughing (Minor) at 5:27, Jonathan Huberdeau (Tol) for Holding (Minor) at 8:53, Mattias Ekholm (Tol) for Tripping (Minor) at 12:50
2nd period
5. Remparts , Brandon Gormley 3 (Unassisted) at 11:22
Penalties :
Jonathan Marchessault (Tol) for Tripping (Minor) at 0:48, Andre Burakovsky (Que) for Tripping (Minor) at 5:47, Guillaume Desbiens (Que) for Interference (Minor) at 6:09, Guillaume Desbiens (Que) for Hooking (Minor) at 11:27, Anton Zlobin (Que) for Hooking (Minor) at 18:31, Martin Frk (Tol) for Interference (Minor) at 19:03
3rd period
6. Remparts , Erik Gustafsson 2 (Brandon Mashinter 4, Daniel Paille 3) at 0:44 (PP)
7. Sewer Rats , Nick Cousins 1 (Steven Kampfer 5, Mattias Ekholm 1) at 2:21
8. Sewer Rats , Mark Mancari 4 (Ville Leino 8, Vincent Trocheck 6) at 4:12 (PP)
9. Remparts , Ryan Strome 5 (Brandon Mashinter 5, Brandon Gormley 8) at 10:04
10. Sewer Rats , Mark Mancari 5 (Vincent Trocheck 7, Ville Leino 9) at 10:08
11. Remparts , Brandon Mashinter 1 (Erik Gustafsson 1, Daniel Paille 4) at 12:53 (PP)
12. Sewer Rats , Daniel Carr 2 (William Karlsson 3, Dmitrij Jaskin 1) at 15:47
13. Sewer Rats , Mark Mancari 6 (Ville Leino 10, Vincent Trocheck 8) at 16:54 (PP)
14. Sewer Rats , Mark Mancari 7 (Ville Leino 11, Vincent Trocheck 9) at 19:39
Penalties :
Brandon Mashinter (Que) for Holding (Minor) at 3:54, Daniel Paille (Que) for Hooking (Minor) at 4:48, Erik Gustafsson (Que) for Hooking (Minor) at 10:11, Mattias Ekholm (Tol) for Hooking (Minor) at 10:57, Viktor Baldayev (Que) for Hooking (Minor) at 13:15, Chris Mueller (Que) for Holding (Minor) at 16:49
Goalie Stats
Jason Missiaen (Que), 31 saves from 39 shots - (0.795), L, 2-3-0, 60:00 minutes
Marek Mazanek (Tol), 21 saves from 27 shots - (0.778), W, 4-0-1, 60:00 minutes
Players Stats for Remparts
Player Name G A P +/- PIM S H SB GA TA FO MP PP MP PK MP
------------------------------------------------------------------------------------
Andre Burakovsky 0 0 0 -3 2 3 0 0 0 1 1/4 19:04 2:03 0:09
Anton Zlobin 0 0 0 -1 2 0 0 0 0 0 0/0 6:43 0:04 0:00
Brandon Gormley 1 2 3 0 0 3 1 1 1 0 0/0 30:26 3:16 6:31
Brandon Mashinter 1 3 4 0 2 2 3 1 0 1 1/8 16:05 2:01 3:36
Chris Mueller 0 0 0 0 2 1 0 0 0 1 3/6 10:25 0:00 0:00
Daniel Paille 1 2 3 0 4 2 1 1 0 1 0/0 12:26 2:01 0:39
Erik Gustafsson 1 1 2 0 2 3 0 1 0 2 0/0 28:38 3:16 5:57
Griffin Reinhart 0 0 0 -1 0 1 0 0 0 1 0/0 20:21 1:31 4:34
Guillaume Desbiens 0 0 0 -3 4 2 2 1 1 0 1/1 21:36 1:59 4:16
Justin Williams 0 0 0 0 0 1 1 0 0 0 0/0 10:26 0:00 0:00
Juuso Ikonen 0 0 0 0 0 0 0 0 0 0 0/0 8:23 0:00 1:19
Max Reinhart 0 0 0 -3 0 2 1 0 0 0 22/45 25:59 2:03 6:35
Michal Jordan 0 0 0 -1 0 0 1 1 0 1 0/0 18:25 0:48 4:34
Mitchell Heard 0 0 0 0 0 2 0 0 1 1 1/3 8:37 0:00 1:54
Niklas Hansson 0 0 0 -2 0 0 0 2 0 0 0/0 11:09 0:00 0:00
Roberts Lipsbergs 0 0 0 0 0 0 0 0 0 0 1/1 10:26 0:00 0:00
Ryan Strome 2 1 3 0 0 5 2 0 0 0 1/2 13:34 1:18 2:04
Viktor Baldayev 0 0 0 -2 2 0 1 1 0 0 0/0 11:44 0:00 0:34
Players Stats for Sewer Rats
Player Name G A P +/- PIM S H SB GA TA FO MP PP MP PK MP
------------------------------------------------------------------------------------
Anthony Duclair 0 0 0 1 0 0 0 0 0 0 0/0 7:01 0:00 0:00
Daniel Carr 1 0 1 1 0 3 1 0 0 0 2/2 11:47 0:14 0:00
Dmitrij Jaskin 0 1 1 1 0 1 1 2 1 0 0/0 11:15 0:02 0:00
Jarred Tinordi 0 0 0 -1 0 1 0 1 0 0 0/0 17:50 3:18 1:32
John Ramage 0 0 0 2 0 0 1 1 0 0 0/0 10:41 0:00 0:43
Jonathan Huberdeau 0 1 1 0 2 2 1 1 0 0 1/1 17:18 4:56 1:44
Jonathan Marchessault 1 1 2 0 2 3 0 0 2 0 6/7 15:29 4:56 0:00
Mark Mancari 4 0 4 1 0 5 2 0 3 0 0/3 23:48 5:55 2:15
Martin Frk 0 1 1 0 2 3 2 0 0 0 1/1 14:56 4:55 0:00
Matt Lashoff 0 0 0 -1 0 1 0 2 0 0 0/0 10:59 0:00 0:00
Mattias Ekholm 1 1 2 3 4 2 3 0 0 2 0/0 28:02 7:46 1:17
Nicholas Baptiste 0 0 0 1 0 0 1 0 0 0 0/0 7:01 0:00 0:00
Nick Cousins 1 0 1 1 0 1 0 0 0 0 4/4 7:41 0:00 0:21
Ryan Murphy 0 0 0 -1 0 0 0 0 0 0 0/0 9:44 3:18 1:32
Steven Kampfer 0 1 1 3 0 2 2 1 1 0 0/0 30:18 7:47 2:32
Ville Leino 0 4 4 1 0 10 1 0 1 0 6/12 24:33 6:07 2:14
Vincent Trocheck 0 4 4 1 0 3 4 2 0 1 16/34 20:37 5:55 1:34
Will Butcher 0 0 0 1 0 1 0 1 0 0 0/0 1:46 0:00 0:00
William Karlsson 0 1 1 1 0 1 2 0 1 0 3/6 11:47 0:14 0:00
Xavier Ouellet 0 0 0 0 0 0 0 0 0 0 0/0 10:38 0:00 0:32
3 Stars
1 - Mark Mancari (Tol)
2 - Vincent Trocheck (Tol)
3 - Ville Leino (Tol)
Power Play
Remparts - 4 on 5 Attempt(s) - 80.00%
Sewer Rats - 3 on 11 Attempt(s) - 27.27%
Penalty Kill
Remparts - 8 on 11 Attempt(s) - 72.73%
- Score 0 goal in Penalty Kill
Sewer Rats - 1 on 5 Attempt(s) - 20.00%
- Score 0 goal in Penalty Kill
Team Stat
Remparts - Hits : 13 - Faceoff Wins : 31 - Blocked Shots : 9 - Penalty Minutes : 20
Sewer Rats - Hits : 21 - Faceoff Wins : 39 - Blocked Shots : 11 - Penalty Minutes : 10
Official
Referees : Unknown
Linesman : Unknown
Game Notes
Will Butcher is injured at 12:45 of 1st period (Lower Body)
11:22 of 2nd period - Penalty Shot by Brandon Gormley for Remparts - Goal!
Mark Mancari has scored a Hat Trick!
Finance
Level 1 -- Attendance: 1359 (67.95%) -- Ticket Income $47,565
Level 2 -- Attendance: 680 (68.00%) -- Ticket Income $11,560
Total Attendance: 2039 (67.97%)
Total Ticket Income: $59,125
Other Income: $2,956
Total Income: $62,081
Remparts
5 vs 5 Forward
Center Left Wing Right Wing Time % Phy DF OF
1 Max Reinhart Andre Burakovsky Guillaume Desbiens 40 1 2 2
2 Brandon Mashinter Daniel Paille Ryan Strome 30 1 2 2
3 Chris Mueller Roberts Lipsbergs Justin Williams 20 1 2 2
4 Mitchell Heard Juuso Ikonen Anton Zlobin 10 1 2 2
5 vs 5 Defense
Defense Defense Time % Phy DF OF
1 Brandon Gormley Erik Gustafsson 40 1 2 2
2 Michal Jordan Griffin Reinhart 30 1 2 2
3 Viktor Baldayev Niklas Hansson 20 1 2 2
4 Brandon Gormley Erik Gustafsson 10 1 2 2
PowerPlay Forward
Center Left Wing Right Wing Time % Phy DF OF
1 Max Reinhart Andre Burakovsky Guillaume Desbiens 60 1 2 2
2 Brandon Mashinter Daniel Paille Ryan Strome 40 1 2 2
PowerPlay Defense
Defense Defense Time % Phy DF OF
1 Brandon Gormley Erik Gustafsson 60 1 2 2
2 Michal Jordan Griffin Reinhart 40 1 2 2
Penalty Kill 4 Players Forward
Center Wing Time % Phy DF OF
1 Max Reinhart Guillaume Desbiens 60 1 2 2
2 Brandon Mashinter Ryan Strome 40 1 2 2
Penalty Kill 4 Players Defense
Defense Defense Time % Phy DF OF
1 Brandon Gormley Erik Gustafsson 60 1 2 2
2 Michal Jordan Griffin Reinhart 40 1 2 2
Penalty Kill - 3 Players Forward
Forward Time % Phy DF OF
1 Max Reinhart 60 1 2 2
2 Brandon Mashinter 40 1 2 2
Penalty Kill - 3 Players Defense
Defense Defense Time % Phy DF OF
1 Brandon Gormley Erik Gustafsson 60 1 2 2
2 Michal Jordan Griffin Reinhart 40 1 2 2
4 vs 4 Forward
Center Wing Time % Phy DF OF
1 Max Reinhart Andre Burakovsky 60 1 2 2
2 Brandon Mashinter Daniel Paille 40 1 2 2
4 vs 4 Defense
Defense Defense Time % Phy DF OF
1 Brandon Gormley Erik Gustafsson 60 1 2 2
2 Michal Jordan Griffin Reinhart 40 1 2 2
Last Minutes Offensive
Center Left Wing Right Wing Defense Defense
Max Reinhart Andre Burakovsky Guillaume Desbiens Brandon Gormley Griffin Reinhart
Last Minutes Defensive
Center Left Wing Right Wing Defense Defense
Max Reinhart Andre Burakovsky Guillaume Desbiens Brandon Gormley Erik Gustafsson
Goaltenders
Starting : Jason Missiaen
Backup : Tyler Plante
Extra Forwards
Normal : Ryan Strome, Andre Burakovsky, Max Reinhart - PP : Andre Burakovsky, Ryan Strome - PK : Brandon Mashinter
Extra Defensemen
Normal : Griffin Reinhart, Brandon Gormley, Erik Gustafsson - PP : Griffin Reinhart - PK : Erik Gustafsson, Brandon Gormley
Penalty Shots
Andre Burakovsky, Ryan Strome, Justin Williams, Brandon Mashinter, Guillaume Desbiens
Scratches
Michael Downing (Healthy), Keaton Thompson (Healthy), Kyle Platzer (Healthy), Connor Honey (Healthy), Tim Bozon (Healthy)
Igor Bobkov (Healthy), François Brassard (Healthy)
Sewer Rats
5 vs 5 Forward
Center Left Wing Right Wing Time % Phy DF OF
1 Vincent Trocheck Ville Leino Mark Mancari 40 1 2 2
2 Jonathan Marchessault Jonathan Huberdeau Martin Frk 30 1 2 2
3 William Karlsson Daniel Carr Dmitrij Jaskin 20 1 2 2
4 Nick Cousins Anthony Duclair Nicholas Baptiste 10 1 2 2
5 vs 5 Defense
Defense Defense Time % Phy DF OF
1 Mattias Ekholm Steven Kampfer 40 1 2 2
2 Jarred Tinordi Matt Lashoff 30 1 2 2
3 John Ramage Will Butcher 20 1 2 2
4 Xavier Ouellet Ryan Murphy 10 1 2 2
PowerPlay Forward
Center Left Wing Right Wing Time % Phy DF OF
1 Vincent Trocheck Ville Leino Mark Mancari 60 1 2 2
2 Jonathan Marchessault Jonathan Huberdeau Martin Frk 40 1 2 2
PowerPlay Defense
Defense Defense Time % Phy DF OF
1 Mattias Ekholm Steven Kampfer 60 1 2 2
2 Jarred Tinordi Ryan Murphy 40 1 2 2
Penalty Kill 4 Players Forward
Center Wing Time % Phy DF OF
1 Ville Leino Mark Mancari 60 1 2 2
2 Jonathan Huberdeau Vincent Trocheck 40 1 2 2
Penalty Kill 4 Players Defense
Defense Defense Time % Phy DF OF
1 Mattias Ekholm Steven Kampfer 60 1 2 2
2 Jarred Tinordi Ryan Murphy 40 1 2 2
Penalty Kill - 3 Players Forward
Forward Time % Phy DF OF
1 Ville Leino 60 1 2 2
2 Mark Mancari 40 1 2 2
Penalty Kill - 3 Players Defense
Defense Defense Time % Phy DF OF
1 Mattias Ekholm Steven Kampfer 60 1 2 2
2 Jarred Tinordi Ryan Murphy 40 1 2 2
4 vs 4 Forward
Center Wing Time % Phy DF OF
1 Ville Leino Mark Mancari 60 1 2 2
2 Jonathan Huberdeau Vincent Trocheck 40 1 2 2
4 vs 4 Defense
Defense Defense Time % Phy DF OF
1 Mattias Ekholm Steven Kampfer 60 1 2 2
2 Jarred Tinordi Ryan Murphy 40 1 2 2
Last Minutes Offensive
Center Left Wing Right Wing Defense Defense
Vincent Trocheck Ville Leino Mark Mancari Mattias Ekholm Steven Kampfer
Last Minutes Defensive
Center Left Wing Right Wing Defense Defense
Vincent Trocheck Ville Leino Mark Mancari Mattias Ekholm Steven Kampfer
Goaltenders
Starting : Marek Mazanek
Backup : Sergei Kostenko
Extra Forwards
Normal : Daniel Carr, William Karlsson, Nick Cousins - PP : Daniel Carr, William Karlsson - PK : Nick Cousins
Extra Defensemen
Normal : John Ramage, Will Butcher, Xavier Ouellet - PP : John Ramage - PK : Will Butcher, Xavier Ouellet
Penalty Shots
Ville Leino, Mark Mancari, Jonathan Huberdeau, Vincent Trocheck, Jonathan Marchessault
Scratches
Dominik Kubalik (Healthy), Connor Carrick (Healthy), Joel Edmundson (Healthy), Josh Archibald (Healthy), Jonathan Racine (Healthy)
Joseph Blandisi (Healthy), Tyler Motte (Healthy), Chris Calhan (Healthy), Antoine Bibeau (Healthy)
% Time on Ice - Remparts
Lines # - Real PCT - Wanted PCT - Time Play
Normal Forward
1 - 35% - 40% - 14:32
2 - 23% - 30% - 9:40
3 - 25% - 20% - 10:26
4 - 16% - 10% - 6:41
Normal Defense
1 - 41% - 40% - 16:54
2 - 31% - 30% - 12:56
3 - 25% - 20% - 10:17
4 - 3% - 10% - 1:12
PP Forward
1 - 50% - 60% - 2:03
2 - 50% - 40% - 2:01
PP Defense
1 - 80% - 60% - 3:16
2 - 20% - 40% - 0:48
PK Forward
1 - 78% - 60% - 7:24
2 - 22% - 40% - 2:04
PK Defense
1 - 59% - 60% - 5:35
2 - 41% - 40% - 3:53
PK3 Forward
1 - 87% - 60% - 1:24
2 - 13% - 40% - 0:13
PK3 Defense
1 - 58% - 60% - 0:56
2 - 42% - 40% - 0:41
44 Forward
1 - 95% - 60% - 2:32
2 - 5% - 40% - 0:08
44 Defense
1 - 96% - 60% - 2:33
2 - 4% - 40% - 0:07
Last Minute Offensive - 0:52
Last Minute Defensive - 0:00
Total
Forward - 60:00
Defense - 60:00
|
% Time on Ice - Sewer Rats
Lines # - Real PCT - Wanted PCT - Time Play
Normal Forward
1 - 32% - 40% - 13:05
2 - 25% - 30% - 10:21
3 - 26% - 20% - 10:53
4 - 17% - 10% - 7:01
Normal Defense
1 - 40% - 40% - 16:44
2 - 31% - 30% - 12:44
3 - 22% - 20% - 8:59
4 - 7% - 10% - 2:53
PP Forward
1 - 55% - 60% - 6:07
2 - 45% - 40% - 4:58
PP Defense
1 - 70% - 60% - 7:47
2 - 30% - 40% - 3:18
PK Forward
1 - 66% - 60% - 2:41
2 - 34% - 40% - 1:23
PK Defense
1 - 62% - 60% - 2:32
2 - 38% - 40% - 1:32
PK3 Forward
1 - 0% - 60%
2 - 0% - 40%
PK3 Defense
1 - 0% - 60%
2 - 0% - 40%
44 Forward
1 - 97% - 60% - 2:35
2 - 3% - 40% - 0:05
44 Defense
1 - 90% - 60% - 2:24
2 - 10% - 40% - 0:16
Last Minute Offensive - 0:00
Last Minute Defensive - 0:51
Total
Forward - 60:00
Defense - 60:00
|
Play by Play
1st period
0:01 of 1st period - Max Reinhart wins face-off versus Vincent Trocheck in neutral zone.
1:18 of 1st period - Snap shot by Ville Leino.
1:18 of 1st period - Stopped by Jason Missiaen without a rebound.
1:19 of 1st period - Nick Cousins wins face-off versus Max Reinhart in Remparts zone.
1:34 of 1st period - Wrist shot by Nick Cousins.
1:34 of 1st period - Shot Blocked by Niklas Hansson.
1:44 of 1st period - Ryan Murphy is hit by Brandon Mashinter and loses puck.
1:51 of 1st period - Snap shot by Ryan Strome.
1:51 of 1st period - Stopped by Marek Mazanek with a rebound.
3:09 of 1st period - Backhand shot by Anthony Duclair.
3:09 of 1st period - Shot Misses the Net.
4:07 of 1st period - Snap shot by Chris Mueller.
4:07 of 1st period - Stopped by Marek Mazanek without a rebound.
4:08 of 1st period - Jonathan Marchessault wins face-off versus Chris Mueller in Sewer Rats zone.
4:21 of 1st period - Snap shot by Martin Frk.
4:21 of 1st period - Shot Misses the Net.
4:23 of 1st period - Slapshot by Will Butcher.
4:23 of 1st period - Stopped by Jason Missiaen with a rebound.
4:48 of 1st period - Snap shot by Martin Frk.
4:48 of 1st period - Stopped by Jason Missiaen without a rebound.
4:49 of 1st period - Max Reinhart wins face-off versus Ville Leino in Remparts zone.
4:56 of 1st period - Slapshot by Max Reinhart.
4:56 of 1st period - Stopped by Marek Mazanek with a rebound.
5:14 of 1st period - Brandon Mashinter is hit by Mattias Ekholm.
5:20 of 1st period - Wrist shot by William Karlsson.
5:20 of 1st period - Stopped by Jason Missiaen with a rebound.
5:22 of 1st period - Snap shot by Dmitrij Jaskin.
5:22 of 1st period - Stopped by Jason Missiaen with a rebound.
5:27 of 1st period - Minor Penalty to Daniel Paille for Roughing.
5:28 of 1st period - Max Reinhart wins face-off versus Vincent Trocheck in Remparts zone.
5:40 of 1st period - Erik Gustafsson is hit by Vincent Trocheck and loses puck.
6:14 of 1st period - Brandon Mashinter is hit by Mattias Ekholm and loses puck.
6:31 of 1st period - Wrist shot by Martin Frk.
6:31 of 1st period - Shot Misses the Net.
6:33 of 1st period - Slapshot by Mattias Ekholm.
6:33 of 1st period - Goal by Mattias Ekholm - Remparts : 0 - Sewer Rats : 1.
6:34 of 1st period - Max Reinhart wins face-off versus Vincent Trocheck in neutral zone.
6:37 of 1st period - Vincent Trocheck is hit by Guillaume Desbiens and loses puck.
6:48 of 1st period - Snap shot by Ville Leino.
6:48 of 1st period - Shot Misses the Net.
7:00 of 1st period - Max Reinhart is hit by William Karlsson and loses puck.
7:22 of 1st period - Snap shot by Andre Burakovsky.
7:22 of 1st period - Stopped by Marek Mazanek without a rebound.
7:23 of 1st period - Vincent Trocheck wins face-off versus Brandon Mashinter in Sewer Rats zone.
7:55 of 1st period - Snap shot by Jonathan Marchessault.
7:55 of 1st period - Goal by Jonathan Marchessault - Remparts : 0 - Sewer Rats : 2.
7:56 of 1st period - Vincent Trocheck wins face-off versus Brandon Mashinter in neutral zone.
8:11 of 1st period - Slapshot by Brandon Gormley.
8:11 of 1st period - Shot Misses the Net.
8:51 of 1st period - Slapshot by Guillaume Desbiens.
8:51 of 1st period - Shot Misses the Net.
8:53 of 1st period - Minor Penalty to Jonathan Huberdeau for Holding.
8:54 of 1st period - Andre Burakovsky wins face-off versus Ville Leino in Sewer Rats zone.
9:29 of 1st period - Wrist shot by Ryan Strome.
9:29 of 1st period - Deflect By Mark Mancari.
9:29 of 1st period - Goal by Ryan Strome - Remparts : 1 - Sewer Rats : 2.
9:30 of 1st period - Jonathan Marchessault wins face-off versus Max Reinhart in neutral zone.
9:33 of 1st period - Andre Burakovsky is hit by Jonathan Huberdeau and loses puck.
9:46 of 1st period - Wrist shot by Jonathan Marchessault.
9:46 of 1st period - Stopped by Jason Missiaen with a rebound.
10:48 of 1st period - Snap shot by Daniel Carr.
10:48 of 1st period - Stopped by Jason Missiaen with a rebound.
11:10 of 1st period - Slapshot by Max Reinhart.
11:10 of 1st period - Stopped by Marek Mazanek with a rebound.
11:28 of 1st period - Snap shot by Anthony Duclair.
11:28 of 1st period - Shot Misses the Net.
12:02 of 1st period - Snap shot by William Karlsson.
12:02 of 1st period - Shot Misses the Net.
12:08 of 1st period - Griffin Reinhart is hit by Daniel Carr and loses puck.
12:39 of 1st period - Snap shot by Guillaume Desbiens.
12:39 of 1st period - Stopped by Marek Mazanek without a rebound.
12:40 of 1st period - Ryan Strome wins face-off versus Vincent Trocheck in Sewer Rats zone.
12:45 of 1st period - Slapshot by Ryan Strome.
12:45 of 1st period - Shot Blocked by Will Butcher.
12:45 of 1st period - Will Butcher from Sewer Rats is injured at 12:45 of 1st period (Lower Body).
12:46 of 1st period - Guillaume Desbiens wins face-off versus Vincent Trocheck in Sewer Rats zone.
12:50 of 1st period - Minor Penalty to Mattias Ekholm for Tripping.
12:51 of 1st period - Ville Leino wins face-off versus Max Reinhart in Sewer Rats zone.
13:17 of 1st period - Mark Mancari is hit by Brandon Gormley and loses puck.
13:22 of 1st period - Snap shot by Daniel Paille.
13:22 of 1st period - Goal by Daniel Paille - Remparts : 2 - Sewer Rats : 2.
13:23 of 1st period - Max Reinhart wins face-off versus Vincent Trocheck in neutral zone.
13:50 of 1st period - Brandon Mashinter is hit by Mattias Ekholm and loses puck.
14:57 of 1st period - Snap shot by Ville Leino.
14:57 of 1st period - Stopped by Jason Missiaen with a rebound.
15:15 of 1st period - Brandon Gormley is hit by Martin Frk and loses puck.
15:22 of 1st period - Wrist shot by Martin Frk.
15:22 of 1st period - Shot Blocked by Daniel Paille.
15:24 of 1st period - Slapshot by Jonathan Marchessault.
15:24 of 1st period - Shot Blocked by Erik Gustafsson.
15:26 of 1st period - Snap shot by Mattias Ekholm.
15:26 of 1st period - Shot Misses the Net.
15:28 of 1st period - Snap shot by Martin Frk.
15:28 of 1st period - Stopped by Jason Missiaen with a rebound.
16:30 of 1st period - Snap shot by Mark Mancari.
16:30 of 1st period - Stopped by Jason Missiaen without a rebound.
16:31 of 1st period - Jonathan Marchessault wins face-off versus Brandon Mashinter in Remparts zone.
16:39 of 1st period - Off-side.
16:40 of 1st period - Jonathan Marchessault wins face-off versus Brandon Mashinter in neutral zone.
17:10 of 1st period - Slapshot by Daniel Paille.
17:10 of 1st period - Stopped by Marek Mazanek with a rebound.
17:27 of 1st period - Wrist shot by Ryan Strome.
17:27 of 1st period - Stopped by Marek Mazanek without a rebound.
17:28 of 1st period - Vincent Trocheck wins face-off versus Max Reinhart in Sewer Rats zone.
17:35 of 1st period - Wrist shot by Ville Leino.
17:35 of 1st period - Stopped by Jason Missiaen without a rebound.
17:36 of 1st period - Vincent Trocheck wins face-off versus Andre Burakovsky in Remparts zone.
18:21 of 1st period - Off-side.
18:22 of 1st period - Nick Cousins wins face-off versus Mitchell Heard in neutral zone.
18:29 of 1st period - Wrist shot by Nick Cousins.
18:29 of 1st period - Shot Misses the Net.
18:57 of 1st period - Snap shot by Guillaume Desbiens.
18:57 of 1st period - Stopped by Marek Mazanek without a rebound.
18:58 of 1st period - Martin Frk wins face-off versus Ryan Strome in Sewer Rats zone.
19:09 of 1st period - Wrist shot by Jonathan Marchessault.
19:09 of 1st period - Stopped by Jason Missiaen without a rebound.
19:10 of 1st period - Vincent Trocheck wins face-off versus Max Reinhart in Remparts zone.
19:48 of 1st period - Viktor Baldayev is hit by Steven Kampfer and loses puck.
19:59 of 1st period - Ryan Murphy is hit by Brandon Mashinter and loses puck.
Goals for this period are 2 for Remparts vs 2 for Sewer Rats.
Shots for this period are 11 for Remparts vs 14 for Sewer Rats.
2nd period
0:01 of 2nd period - Max Reinhart wins face-off versus Vincent Trocheck in neutral zone.
0:03 of 2nd period - Off-side.
0:04 of 2nd period - Max Reinhart wins face-off versus Vincent Trocheck in neutral zone.
0:20 of 2nd period - Mattias Ekholm is hit by Max Reinhart and loses puck.
0:44 of 2nd period - Snap shot by Andre Burakovsky.
0:44 of 2nd period - Stopped by Marek Mazanek without a rebound.
0:45 of 2nd period - Jonathan Marchessault wins face-off versus Brandon Mashinter in Sewer Rats zone.
0:45 of 2nd period - Jonathan Marchessault is hit by Ryan Strome.
0:48 of 2nd period - Minor Penalty to Jonathan Marchessault for Tripping.
0:49 of 2nd period - Max Reinhart wins face-off versus Ville Leino in Sewer Rats zone.
0:53 of 2nd period - Snap shot by Andre Burakovsky.
0:53 of 2nd period - Stopped by Marek Mazanek without a rebound.
0:54 of 2nd period - Max Reinhart wins face-off versus Ville Leino in Sewer Rats zone.
0:55 of 2nd period - Snap shot by Guillaume Desbiens.
0:55 of 2nd period - Shot Hit the Post.
0:57 of 2nd period - Slapshot by Andre Burakovsky.
0:57 of 2nd period - Shot Misses the Net.
0:59 of 2nd period - Wrist shot by Max Reinhart.
0:59 of 2nd period - Shot Misses the Net.
1:01 of 2nd period - Slapshot by Erik Gustafsson.
1:01 of 2nd period - Stopped by Marek Mazanek with a rebound.
1:03 of 2nd period - Snap shot by Andre Burakovsky.
1:03 of 2nd period - Shot Misses the Net.
1:05 of 2nd period - Slapshot by Max Reinhart.
1:05 of 2nd period - Shot Misses the Net.
2:46 of 2nd period - Guillaume Desbiens is hit by Ville Leino and loses puck.
2:48 of 2nd period - Penalty to Jonathan Marchessault is over, Jonathan Marchessault is back on ice.
3:08 of 2nd period - Snap shot by Jonathan Huberdeau.
3:08 of 2nd period - Stopped by Jason Missiaen with a rebound.
3:20 of 2nd period - Off-side.
3:21 of 2nd period - William Karlsson wins face-off versus Brandon Mashinter in neutral zone.
3:24 of 2nd period - Griffin Reinhart is hit by Dmitrij Jaskin and loses puck.
3:37 of 2nd period - Snap shot by Daniel Carr.
3:37 of 2nd period - Deflect By Daniel Paille.
3:37 of 2nd period - Shot Blocked by Brandon Mashinter.
3:37 of 2nd period - Puck is out of play.
3:38 of 2nd period - Nick Cousins wins face-off versus Chris Mueller in Remparts zone.
4:52 of 2nd period - Nicholas Baptiste is hit by Ryan Strome and loses puck.
5:04 of 2nd period - Off-side.
5:05 of 2nd period - Jonathan Huberdeau wins face-off versus Mitchell Heard in neutral zone.
5:47 of 2nd period - Minor Penalty to Andre Burakovsky for Tripping.
5:48 of 2nd period - Max Reinhart wins face-off versus Vincent Trocheck in Remparts zone.
6:09 of 2nd period - Minor Penalty to Guillaume Desbiens for Interference.
6:10 of 2nd period - Vincent Trocheck wins face-off versus Max Reinhart in Remparts zone.
6:19 of 2nd period - Wrist shot by Ville Leino.
6:19 of 2nd period - Stopped by Jason Missiaen with a rebound.
6:21 of 2nd period - Wrist shot by Mark Mancari.
6:21 of 2nd period - Shot Misses the Net.
7:38 of 2nd period - Icing by Ville Leino.
7:39 of 2nd period - Mitchell Heard wins face-off versus Vincent Trocheck in Sewer Rats zone.
7:40 of 2nd period - Wrist shot by Griffin Reinhart.
7:40 of 2nd period - Stopped by Marek Mazanek with a rebound.
7:47 of 2nd period - Penalty to Andre Burakovsky is over, Andre Burakovsky is back on ice.
8:09 of 2nd period - Penalty to Guillaume Desbiens is over, Guillaume Desbiens is back on ice.
8:56 of 2nd period - Jonathan Huberdeau is hit by Michal Jordan and loses puck.
9:03 of 2nd period - Wrist shot by Mitchell Heard.
9:03 of 2nd period - Stopped by Marek Mazanek without a rebound.
9:04 of 2nd period - Chris Mueller wins face-off versus Vincent Trocheck in Sewer Rats zone.
9:13 of 2nd period - Slapshot by Steven Kampfer.
9:13 of 2nd period - Stopped by Jason Missiaen with a rebound.
9:29 of 2nd period - Snap shot by Mitchell Heard.
9:29 of 2nd period - Stopped by Marek Mazanek with a rebound.
9:39 of 2nd period - Wrist shot by Ville Leino.
9:39 of 2nd period - Deflect By Vincent Trocheck.
9:39 of 2nd period - Stopped by Jason Missiaen with a rebound.
9:43 of 2nd period - Snap shot by Ville Leino.
9:43 of 2nd period - Shot Blocked by Viktor Baldayev.
9:57 of 2nd period - Snap shot by Guillaume Desbiens.
9:57 of 2nd period - Deflect By Andre Burakovsky.
9:57 of 2nd period - Shot Blocked by Vincent Trocheck.
9:57 of 2nd period - Puck is out of play.
9:58 of 2nd period - Max Reinhart wins face-off versus Jonathan Marchessault in Sewer Rats zone.
10:11 of 2nd period - Wrist shot by Jonathan Huberdeau.
10:11 of 2nd period - Stopped by Jason Missiaen with a rebound.
10:13 of 2nd period - Snap shot by Jarred Tinordi.
10:13 of 2nd period - Stopped by Jason Missiaen with a rebound.
11:22 of 2nd period - Penalty Shot by Brandon Gormley for Remparts.
11:22 of 2nd period - Deke by Brandon Gormley.
11:22 of 2nd period - Goal by Brandon Gormley - Remparts : 3 - Sewer Rats : 2.
11:23 of 2nd period - Vincent Trocheck wins face-off versus Max Reinhart in neutral zone.
11:24 of 2nd period - Vincent Trocheck wins face-off versus Max Reinhart in Remparts zone.
11:25 of 2nd period - Snap shot by Ville Leino.
11:25 of 2nd period - Shot Blocked by Michal Jordan.
11:27 of 2nd period - Minor Penalty to Guillaume Desbiens for Hooking.
11:28 of 2nd period - Max Reinhart wins face-off versus Vincent Trocheck in Remparts zone.
12:07 of 2nd period - Backhand shot by Jonathan Huberdeau.
12:07 of 2nd period - Deflect By Martin Frk.
12:07 of 2nd period - Stopped by Jason Missiaen with a rebound.
13:27 of 2nd period - Penalty to Guillaume Desbiens is over, Guillaume Desbiens is back on ice.
13:39 of 2nd period - Snap shot by Dmitrij Jaskin.
13:39 of 2nd period - Shot Blocked by Guillaume Desbiens.
15:33 of 2nd period - Jonathan Huberdeau is hit by Daniel Paille and loses puck.
16:14 of 2nd period - Michal Jordan is hit by John Ramage and loses puck.
16:25 of 2nd period - Slapshot by Griffin Reinhart.
16:25 of 2nd period - Shot Blocked by Steven Kampfer.
16:55 of 2nd period - Snap shot by Nicholas Baptiste.
16:55 of 2nd period - Shot Blocked by Niklas Hansson.
16:57 of 2nd period - Snap shot by Nicholas Baptiste.
16:57 of 2nd period - Shot Misses the Net.
17:34 of 2nd period - Snap shot by Mitchell Heard.
17:34 of 2nd period - Shot Blocked by Matt Lashoff.
17:36 of 2nd period - Slapshot by Viktor Baldayev.
17:36 of 2nd period - Shot Blocked by Dmitrij Jaskin.
17:46 of 2nd period - Brandon Mashinter is hit by Nicholas Baptiste and loses puck.
18:01 of 2nd period - Guillaume Desbiens is hit by Vincent Trocheck and loses puck.
18:31 of 2nd period - Minor Penalty to Anton Zlobin for Hooking.
18:32 of 2nd period - Max Reinhart wins face-off versus Vincent Trocheck in Remparts zone.
19:03 of 2nd period - Minor Penalty to Martin Frk for Interference.
19:04 of 2nd period - Max Reinhart wins face-off versus Mark Mancari in Sewer Rats zone.
19:05 of 2nd period - Slapshot by Brandon Gormley.
19:05 of 2nd period - Shot Misses the Net.
19:07 of 2nd period - Slapshot by Brandon Gormley.
19:07 of 2nd period - Stopped by Marek Mazanek with a rebound.
19:17 of 2nd period - Snap shot by Andre Burakovsky.
19:17 of 2nd period - Shot Misses the Net.
19:19 of 2nd period - Slapshot by Brandon Gormley.
19:19 of 2nd period - Deflect By Andre Burakovsky.
19:19 of 2nd period - Shot Misses the Net.
19:19 of 2nd period - Puck is out of play.
19:20 of 2nd period - Ville Leino wins face-off versus Max Reinhart in Sewer Rats zone.
19:25 of 2nd period - Wrist shot by Mark Mancari.
19:25 of 2nd period - Shot Misses the Net.
19:49 of 2nd period - Max Reinhart is hit by Mark Mancari.
Goals for this period are 1 for Remparts vs 0 for Sewer Rats.
Shots for this period are 7 for Remparts vs 7 for Sewer Rats.
3rd period
0:01 of 3rd period - Max Reinhart wins face-off versus Ville Leino in neutral zone.
0:31 of 3rd period - Penalty to Anton Zlobin is over, Anton Zlobin is back on ice.
0:40 of 3rd period - Slapshot by Brandon Gormley.
0:40 of 3rd period - Stopped by Marek Mazanek with a rebound.
0:42 of 3rd period - Wrist shot by Daniel Paille.
0:42 of 3rd period - Deflect By Brandon Mashinter.
0:42 of 3rd period - Stopped by Marek Mazanek with a rebound.
0:44 of 3rd period - Slapshot by Erik Gustafsson.
0:44 of 3rd period - Goal by Erik Gustafsson - Remparts : 4 - Sewer Rats : 2.
0:45 of 3rd period - Vincent Trocheck wins face-off versus Max Reinhart in neutral zone.
1:35 of 3rd period - Backhand shot by Daniel Carr.
1:35 of 3rd period - Stopped by Jason Missiaen with a rebound.
1:37 of 3rd period - Snap shot by William Karlsson.
1:37 of 3rd period - Shot Misses the Net.
2:07 of 3rd period - Icing by Nick Cousins.
2:08 of 3rd period - Nick Cousins wins face-off versus Max Reinhart in Sewer Rats zone.
2:17 of 3rd period - Slapshot by Nick Cousins.
2:17 of 3rd period - Shot Misses the Net.
2:19 of 3rd period - Wrist shot by Steven Kampfer.
2:19 of 3rd period - Stopped by Jason Missiaen with a rebound.
2:21 of 3rd period - Wrist shot by Nick Cousins.
2:21 of 3rd period - Goal by Nick Cousins - Remparts : 4 - Sewer Rats : 3.
2:22 of 3rd period - Vincent Trocheck wins face-off versus Max Reinhart in neutral zone.
2:47 of 3rd period - Slapshot by Brandon Mashinter.
2:47 of 3rd period - Shot Hit the Post.
3:54 of 3rd period - Minor Penalty to Brandon Mashinter for Holding.
3:55 of 3rd period - Max Reinhart wins face-off versus Vincent Trocheck in Remparts zone.
4:02 of 3rd period - Icing by Mark Mancari.
4:03 of 3rd period - Vincent Trocheck wins face-off versus Max Reinhart in Sewer Rats zone.
4:12 of 3rd period - Snap shot by Mark Mancari.
4:12 of 3rd period - Goal by Mark Mancari - Remparts : 4 - Sewer Rats : 4.
4:13 of 3rd period - Vincent Trocheck wins face-off versus Max Reinhart in neutral zone.
4:28 of 3rd period - Snap shot by Ville Leino.
4:28 of 3rd period - Shot Hit the Post.
4:48 of 3rd period - Minor Penalty to Daniel Paille for Hooking.
4:49 of 3rd period - Max Reinhart wins face-off versus Vincent Trocheck in Remparts zone.
6:48 of 3rd period - Penalty to Daniel Paille is over, Daniel Paille is back on ice.
7:15 of 3rd period - Jarred Tinordi is hit by Viktor Baldayev and loses puck.
7:34 of 3rd period - Jarred Tinordi is hit by Brandon Mashinter and loses puck.
8:11 of 3rd period - Icing by Max Reinhart.
8:12 of 3rd period - Vincent Trocheck wins face-off versus Max Reinhart in Remparts zone.
8:27 of 3rd period - Snap shot by Chris Mueller.
8:27 of 3rd period - Shot Misses the Net.
8:46 of 3rd period - Slapshot by Mattias Ekholm.
8:46 of 3rd period - Shot Blocked by Brandon Gormley.
9:11 of 3rd period - Off-side.
9:12 of 3rd period - Jonathan Marchessault wins face-off versus Max Reinhart in neutral zone.
9:39 of 3rd period - Niklas Hansson is hit by Mark Mancari and loses puck.
9:48 of 3rd period - Snap shot by Vincent Trocheck.
9:48 of 3rd period - Stopped by Jason Missiaen without a rebound.
9:49 of 3rd period - Brandon Mashinter wins face-off versus Vincent Trocheck in Remparts zone.
10:00 of 3rd period - Snap shot by Daniel Paille.
10:00 of 3rd period - Shot Misses the Net.
10:02 of 3rd period - Slapshot by Brandon Gormley.
10:02 of 3rd period - Shot Blocked by Matt Lashoff.
10:04 of 3rd period - Snap shot by Brandon Mashinter.
10:04 of 3rd period - Deflect By Ryan Strome.
10:04 of 3rd period - Goal by Ryan Strome - Remparts : 5 - Sewer Rats : 4.
10:05 of 3rd period - Ville Leino wins face-off versus Max Reinhart in neutral zone.
10:08 of 3rd period - Slapshot by Mark Mancari.
10:08 of 3rd period - Goal by Mark Mancari - Remparts : 5 - Sewer Rats : 5.
10:09 of 3rd period - Max Reinhart wins face-off versus Mark Mancari in neutral zone.
10:11 of 3rd period - Minor Penalty to Erik Gustafsson for Hooking.
10:12 of 3rd period - Vincent Trocheck wins face-off versus Max Reinhart in Remparts zone.
10:14 of 3rd period - Wrist shot by Ville Leino.
10:14 of 3rd period - Stopped by Jason Missiaen with a rebound.
10:57 of 3rd period - Minor Penalty to Mattias Ekholm for Hooking.
10:58 of 3rd period - Ville Leino wins face-off versus Andre Burakovsky in Sewer Rats zone.
11:11 of 3rd period - Snap shot by Ville Leino.
11:11 of 3rd period - Stopped by Jason Missiaen without a rebound.
11:12 of 3rd period - Max Reinhart wins face-off versus Mark Mancari in Remparts zone.
11:16 of 3rd period - Off-side.
11:17 of 3rd period - Ville Leino wins face-off versus Max Reinhart in neutral zone.
11:26 of 3rd period - Slapshot by Brandon Gormley.
11:26 of 3rd period - Stopped by Marek Mazanek without a rebound.
11:27 of 3rd period - Ville Leino wins face-off versus Max Reinhart in Sewer Rats zone.
11:49 of 3rd period - Icing by Griffin Reinhart.
11:50 of 3rd period - Max Reinhart wins face-off versus Ville Leino in Remparts zone.
12:11 of 3rd period - Penalty to Erik Gustafsson is over, Erik Gustafsson is back on ice.
12:25 of 3rd period - Wrist shot by Erik Gustafsson.
12:25 of 3rd period - Shot Blocked by John Ramage.
12:27 of 3rd period - Slapshot by Brandon Gormley.
12:27 of 3rd period - Shot Blocked by Jonathan Huberdeau.
12:31 of 3rd period - Wrist shot by Brandon Mashinter.
12:31 of 3rd period - Shot Misses the Net.
12:33 of 3rd period - Snap shot by Erik Gustafsson.
12:33 of 3rd period - Stopped by Marek Mazanek with a rebound.
12:51 of 3rd period - Slapshot by Brandon Mashinter.
12:51 of 3rd period - Shot Misses the Net.
12:53 of 3rd period - Snap shot by Brandon Mashinter.
12:53 of 3rd period - Goal by Brandon Mashinter - Remparts : 6 - Sewer Rats : 5.
12:54 of 3rd period - Max Reinhart wins face-off versus William Karlsson in neutral zone.
12:59 of 3rd period - Wrist shot by Andre Burakovsky.
12:59 of 3rd period - Shot Blocked by Jarred Tinordi.
13:07 of 3rd period - Wrist shot by William Karlsson.
13:07 of 3rd period - Shot Misses the Net.
13:09 of 3rd period - Snap shot by Dmitrij Jaskin.
13:09 of 3rd period - Shot Misses the Net.
13:15 of 3rd period - Minor Penalty to Viktor Baldayev for Hooking.
13:16 of 3rd period - Vincent Trocheck wins face-off versus Max Reinhart in Remparts zone.
13:31 of 3rd period - Slapshot by Mark Mancari.
13:31 of 3rd period - Shot Misses the Net.
13:41 of 3rd period - Guillaume Desbiens is hit by Martin Frk and loses puck.
14:02 of 3rd period - Snap shot by Ryan Strome.
14:02 of 3rd period - Stopped by Marek Mazanek with a rebound.
15:15 of 3rd period - Penalty to Viktor Baldayev is over, Viktor Baldayev is back on ice.
15:33 of 3rd period - Snap shot by Justin Williams.
15:33 of 3rd period - Stopped by Marek Mazanek without a rebound.
15:34 of 3rd period - William Karlsson wins face-off versus Brandon Mashinter in Sewer Rats zone.
15:47 of 3rd period - Wrist shot by Daniel Carr.
15:47 of 3rd period - Goal by Daniel Carr - Remparts : 6 - Sewer Rats : 6.
15:48 of 3rd period - Chris Mueller wins face-off versus William Karlsson in neutral zone.
16:10 of 3rd period - Brandon Gormley is hit by William Karlsson and loses puck.
16:24 of 3rd period - Slapshot by Chris Mueller.
16:24 of 3rd period - Shot Blocked by Dmitrij Jaskin.
16:49 of 3rd period - Minor Penalty to Chris Mueller for Holding.
16:50 of 3rd period - Vincent Trocheck wins face-off versus Max Reinhart in Remparts zone.
16:54 of 3rd period - Slapshot by Mark Mancari.
16:54 of 3rd period - Goal by Mark Mancari - Remparts : 6 - Sewer Rats : 7.
16:55 of 3rd period - Max Reinhart wins face-off versus Vincent Trocheck in neutral zone.
16:58 of 3rd period - Mattias Ekholm is hit by Guillaume Desbiens and loses puck.
17:07 of 3rd period - Wrist shot by Ville Leino.
17:07 of 3rd period - Stopped by Jason Missiaen without a rebound.
17:08 of 3rd period - Chris Mueller wins face-off versus William Karlsson in Remparts zone.
17:19 of 3rd period - Snap shot by Justin Williams.
17:19 of 3rd period - Deflect By Chris Mueller.
17:19 of 3rd period - Shot Hit the Post.
17:19 of 3rd period - Puck is out of play.
17:20 of 3rd period - William Karlsson wins face-off versus Chris Mueller in Sewer Rats zone.
17:20 of 3rd period - William Karlsson is hit by Justin Williams.
17:45 of 3rd period - Andre Burakovsky is hit by Vincent Trocheck and loses puck.
17:54 of 3rd period - Snap shot by Ville Leino.
17:54 of 3rd period - Stopped by Jason Missiaen without a rebound.
17:55 of 3rd period - Daniel Carr wins face-off versus Andre Burakovsky in Remparts zone.
18:27 of 3rd period - Slapshot by Matt Lashoff.
18:27 of 3rd period - Stopped by Jason Missiaen without a rebound.
18:28 of 3rd period - Roberts Lipsbergs wins face-off versus Vincent Trocheck in Remparts zone.
18:28 of 3rd period - Roberts Lipsbergs is hit by Vincent Trocheck.
18:40 of 3rd period - Wrist shot by Chris Mueller.
18:40 of 3rd period - Shot Blocked by Vincent Trocheck.
18:58 of 3rd period - Snap shot by Vincent Trocheck.
18:58 of 3rd period - Stopped by Jason Missiaen with a rebound.
19:00 of 3rd period - Slapshot by Ville Leino.
19:00 of 3rd period - Stopped by Jason Missiaen with a rebound.
19:02 of 3rd period - Snap shot by Ville Leino.
19:02 of 3rd period - Stopped by Jason Missiaen with a rebound.
19:04 of 3rd period - Slapshot by Mattias Ekholm.
19:04 of 3rd period - Shot Misses the Net.
19:20 of 3rd period - Andre Burakovsky is hit by Steven Kampfer and loses puck.
19:31 of 3rd period - Slapshot by Mark Mancari.
19:31 of 3rd period - Shot Misses the Net.
19:33 of 3rd period - Slapshot by Mattias Ekholm.
19:33 of 3rd period - Stopped by Jason Missiaen with a rebound.
19:39 of 3rd period - Snap shot by Mark Mancari.
19:39 of 3rd period - Goal by Mark Mancari - Remparts : 6 - Sewer Rats : 8.
19:40 of 3rd period - Daniel Carr wins face-off versus Max Reinhart in neutral zone.
Goals for this period are 3 for Remparts vs 6 for Sewer Rats.
Shots for this period are 9 for Remparts vs 18 for Sewer Rats.
Back to the Top